 Dungeon Crawl Stone Soup version 0.16.2-12-gd0ad4c3 (webtiles) character file.

121 kroki the Chopper (level 4, -1/40 HPs)
             Began as a Minotaur Skald on Mar 9, 2016.
             Slain by Grinder (5 damage)
             ... while paralysed by Grinder
             ... on level 3 of the Dungeon.
             The game lasted 00:02:23 (1981 turns).

kroki the Chopper (Minotaur Skald)                  Turns: 1981, Time: 00:02:23

Health: -1/40      AC:  6    Str: 17    XL:     4   Next: 76%
Magic:  4/4        EV:  2    Int:  9    God:
Gold:   134        SH:  0    Dex: 14    Spells: 1 memorised, 4 levels left

rFire  . . .     SeeInvis .     r - +0 hand axe (flame)
rCold  + . .     Clarity  .     g - +0 ring mail
rNeg   . . .     SustAb   .     o - +3 shield
rPois  .         Gourm    .     (helmet restricted)
rElec  .         Spirit   .     (no cloak)
rCorr  .         Warding  .     k - +0 pair of gloves
rMut   +         Stasis   .     (no boots)
MR     .....                    h - amulet of resist mutation {rMut, !d}
Stlth  +.........               f - +4 ring of dexterity {=R}
                                x - ring of protection from cold {rC+, !d}

@: paralysed, very slightly contaminated, hasted, invisible, not resistant to
hostile enchantments, very unstealthy
A: retaliatory headbutt, horns 2
a: no special abilities


You were on level 3 of the Dungeon.
You were hungry.

You visited 1 branch of the dungeon, and saw 3 of its levels.

You collected 134 gold pieces.

Inventory:

Hand weapons
 a - a +0 hand axe
 r - a +0 hand axe of flaming (weapon)
   (You found it on level 3 of the Dungeon)
Armour
 b - a +0 leather armour
 g - a +0 ring mail (worn)
   (You found it on level 1 of the Dungeon)
 k - a +0 pair of gloves (worn)
   (You found it on level 2 of the Dungeon)
 o - a +3 shield (worn)
   (You found it on level 1 of the Dungeon)
Jewellery
 e - a +2 ring of dexterity
   (You found it on level 1 of the Dungeon)
 f - a +4 ring of dexterity (right hand) {=R}
   (You found it on level 2 of the Dungeon)
 h - an amulet of resist mutation (around neck) {rMut, !d}
   (You found it on level 1 of the Dungeon)
 x - a ring of protection from cold (left hand) {rC+, !d}
   (You found it on level 3 of the Dungeon)
Scrolls
 n - 2 scrolls of remove curse
 q - a scroll of teleportation
 v - a scroll of enchant armour
Potions
 s - a potion of resistance {unknown}
 t - a potion of mutation {unknown}
 u - a potion of brilliance {unknown}
Books
 c - a book of Battle
Comestibles
 d - 2 bread rations {@e1}
 i - a beef jerky
 j - a meat ration {@e2}
 w - a slice of pizza


   Skills:
 + Level 3.9 Fighting
 * Level 5.2 Axes
 - Level 1.2 Armour
 - Level 1.1 Dodging
 - Level 1.3 Spellcasting
 - Level 2.0 Charms


You had 4 spell levels left.
You knew the following spells:

 Your Spells              Type           Power        Failure   Level  Hunger
a - Infusion              Chrm           #.....       99%         1    ##.....


Dungeon Overview and Level Annotations

Branches:
Dungeon (3/15)

Altars:
Sif Muna

Annotations:
D:3 Grinder


Innate Abilities, Weirdness & Mutations

You reflexively headbutt those who attack you in melee.
You have a pair of horns on your head.


Message History

You take 1 damage, and have 39/40 hp.
You hit the worm but do no damage. You headbutt the worm.
You hit the worm but do no damage. The worm bites you but does no damage.
You hit the worm. You burn the worm.
You kill the worm!
Search for what [Enter for "arm", or ? for help]? ax
Found an escape hatch in the ceiling.
Search for what [Enter for "ax", or ? for help]? ego
Found a stone staircase leading down.
w - a slice of pizza Health restored: 40
x - a marble ring A gnoll and Grinder come into view.
Grinder shouts!
A gnoll comes into view. It is wielding a halberd.
Unknown command.
Unknown command.
Put on which piece of jewellery? (? for menu, Esc to quit)
You remove your +2 ring of dexterity.
You feel clumsy.
The gnoll shouts!
x - a ring of protection from cold (left hand) Drink which item? (? for menu, Esc to quit)
Okay, then.
Drink which item? (? for menu, Esc to quit)
You feel yourself speed up.
You are very lightly contaminated with residual magic.
A gnoll comes into view. It is wielding a spear.
Unknown command.
The gnoll shouts!
Grinder barely misses you.
Unknown command.
You barely miss Grinder. You block Grinder's attack.
The gnoll hits you from afar with a spear.
A hobgoblin comes into view.
You take 6 damage, and have 34/40 hp.
The hobgoblin shouts!
You hit Grinder. You burn Grinder. Grinder barely misses you.
A hobgoblin comes into view.
Unknown command.
The hobgoblin shouts!
You hit Grinder. You burn Grinder.
The gnoll hits you from afar with a spear.
You block the gnoll's attack.
You take 6 damage, and have 28/40 hp.
Unknown command.
You closely miss Grinder. You headbutt Grinder! You block the gnoll's attack.
Grinder hits you but does no damage.
You closely miss Grinder. You headbutt Grinder. The gnoll closely misses you.
The gnoll barely misses you.
Unknown command.
You hit Grinder. You burn Grinder. Grinder hits you.
You take 4 damage, and have 24/40 hp.
You closely miss Grinder. Your headbutt misses Grinder.
You block the gnoll's attack. The gnoll closely misses you.
Grinder gestures.
Grinder blinks!
The gnoll closely misses you.
The hobgoblin hits you but does no damage.
The gnoll hits you from afar with a spear.
You take 4 damage, and have 20/40 hp.
Unknown command.
You closely miss the hobgoblin.
Grinder gestures.
Grinder blinks!
You block the hobgoblin's attack.
You hit the hobgoblin. You burn the hobgoblin. You headbutt the hobgoblin.
You kill the hobgoblin!
The gnoll barely misses you. x3
Unknown command.
Grinder hits you!
* * * LOW HITPOINT WARNING * * *
You writhe in agony.
* * * LOW HITPOINT WARNING * * *
You take 11 damage, and have 9/40 hp.
MASSIVE DAMAGE!!
You block the gnoll's attack.
Unknown command.
Drink which item? (? for menu, Esc to quit)
You feel much better. The gnoll hits you but does no damage.
You regained 15 hp, and now have 24/40 hp.
Drink which item? (? for menu, Esc to quit)
You fade into invisibility!
The gnoll closely misses you. You block the hobgoblin's attack.
You block Grinder's attack.
Unknown command.
You hit Grinder. You burn Grinder. You miss the hobgoblin.
The gnoll hits you but does no damage. You block the hobgoblin's attack.
You hit Grinder. You burn Grinder.
Your shield and ring mail prevent you from hitting the hobgoblin.
Grinder gestures at you.
You suddenly lose the ability to move!
The gnoll hits you but does no damage.
The hobgoblin hits you but does no damage.
Grinder hits you!
You writhe in agony.
The gnoll hits you but does no damage. The hobgoblin hits you.
* * * LOW HITPOINT WARNING * * *
Grinder barely misses you. The gnoll hits you but does no damage.
The hobgoblin hits you but does no damage.
Grinder hits you.
* * * LOW HITPOINT WARNING * * *
You writhe in agony.
You die...

#.# #.# #.# ###'###
#.....#
#.....###.#####.# #####
#..>gg.†...............
#....g#########.#######
#....5@................
#...............#######
#...............#.. ..
#...............#.#####
#.............#.#....[.
#.............._......†
####..........#.#......
#..............#....
#...<........###.##.


You could see Grinder, 2 gnolls and a hobgoblin.

Vanquished Creatures
  An orc wizard (D:3)
  Jessica (D:2)
  2 adders
  A giant mite (D:3)
  A worm (D:3)
  An ooze (D:3)
  4 orcs
  A bat (D:1)
  9 goblins
  5 hobgoblins
  5 kobolds
  A quokka (D:2)
  2 ball pythons
  5 giant cockroaches
  3 giant newts
  4 rats
  A bush (D:1)
47 creatures vanquished.

Notes
Turn   | Place    | Note
--------------------------------------------------------------
     0 | D:1      | kroki, the Minotaur Skald, began the quest for the Orb.
     0 | D:1      | Reached XP level 1. HP: 18/18 MP: 2/2
   239 | D:1      | Reached skill level 3 in Axes
   287 | D:1      | Reached XP level 2. HP: 22/25 MP: 2/2
   993 | D:2      | Reached skill level 3 in Fighting
   993 | D:2      | Reached XP level 3. HP: 20/31 MP: 3/3
  1067 | D:2      | Noticed Jessica
  1101 | D:2      | HP: 3/31 [Jessica/nerve-wracking pain (14)]
  1107 | D:2      | Killed Jessica
  1107 | D:2      | Reached skill level 4 in Axes
  1673 | D:3      | Reached XP level 4. HP: 38/38 MP: 4/4
  1865 | D:3      | Reached skill level 5 in Axes
  1905 | D:3      | Found a deep blue altar of Sif Muna.
  1956 | D:3      | Noticed Grinder
  1973 | D:3      | HP: 9/40 [Grinder (3)]
  1978 | D:3      | Paralysed by Grinder for 4 turns
  1980 | D:3      | HP: 10/40 [hobgoblin (4)]
  1981 | D:3      | HP: 4/40 [Grinder (6)]
  1981 | D:3      | Slain by Grinder

Action                   |  1- 3 |  4- 6 || total
-------------------------+-------+-------++-------
Melee: Hand axe          |   219 |    38 ||   257
  Use: Scroll            |     5 |     1 ||     6
       Potion            |     2 |     3 ||     5
  Eat: Chunk             |     2 |       ||     2
       Beef jerky        |       |     1 ||     1

Vault maps used:
D:1:      minmay_arrival_up_and_down, serial_forest,
          infiniplex_forest_side_room, infiniplex_forest_zigzag_1,
          infiniplex_forest_lined_room_2, infiniplex_forest_end_1,
          infiniplex_forest_end_double, infiniplex_forest_straight_3,
          infiniplex_forest_corner_1, infiniplex_forest_clump_small
D:2:      st_stairs_14, uniq_jessica
D:3:      makhleb_heckhound_becter, lemuel_crystal_altar, uniq_grinder

Table legend:
 A = Turns spent in this place as a percentage of turns spent in the entire game.
 B = Non-inter-level travel turns spent in this place as a percentage of non-inter-level travel turns spent in the entire game.
 C = Inter-level travel turns spent in this place as a percentage of turns spent in this place.
 D = Turns resting spent in this place as a percentage of non-inter-level travel turns spent in this place.
 E = Turns spent auto-exploring this place as a percentage of non-inter-level travel turns spent in this place.
 F = Non-inter-level travel turns spent in this place divided by the number of levels of this place that you've seen.
                   A       B       C       D       E      F
               +-------+-------+-------+-------+-------+----------------------
         Total | 100.0 | 100.0 |   0.3 |   0.8 |  10.7 | 410.0
       Dungeon | 100.0 | 100.0 |   0.3 |   0.8 |  10.7 | 410.0
               +-------+-------+-------+-------+-------+----------------------

Table legend:
 A = Kills in this place as a percentage of kills in entire the game.
 B = Kills by you in this place as a percentage of kills by you in the entire game.
 C = Kills by friends in this place as a percentage of kills by friends in the entire game.
 D = Other kills in this place as a percentage of other kills in the entire game.
 E = Experience gained in this place as a percentage of experience gained in the entire game.
 F = Experience gained in this place divided by the number of levels of this place that you have seen.
                   A       B       C       D       E      F
               +-------+-------+-------+-------+-------+----------------------
         Total | 100.0 | 100.0 |  -nan |  -nan | 100.0 |  57.7
       Dungeon | 100.0 | 100.0 |  -nan |  -nan | 100.0 |  57.7
               +-------+-------+-------+-------+-------+----------------------
